 Dungeon Crawl Stone Soup version 0.30-a0-630-g881e3bac89 (webtiles) character file.

Game seed: 8979594230562784624

2827 Rrauwl the Prestidigitator (level 9, -16/102 HPs)
             Began as a Gnoll Artificer on Jan 13, 2023.
             Was an Initiate of Hepliaklqana.
             Killed from afar by Erica (22 damage)
             ... with a lance of force
             ... on level 8 of the Dungeon.
             The game lasted 00:23:25 (6353 turns).

Rrauwl the Prestidigitator (Gnoll Artificer)        Turns: 6353, Time: 00:23:26

Health: -16/102    AC: 28    Str: 23    XL:     9   Next: 73%
Magic:  16/16      EV:  2    Int: 10    God:    Hepliaklqana [......]
Gold:   309        SH:  9    Dex: 10    Spells: 17/17 levels left

rFire   . . .      SeeInvis .    b - +2 sling (elec)
rCold   . . .      Faith    .    n - +1 kite shield
rNeg    . . .      Spirit   .    (body armour currently unavailable)
rPois   +          Reflect  .    (helmet currently unavailable)
rElec   .          Harm     .    (cloak currently unavailable)
rCorr   .          Rampage  .    (gloves currently unavailable)
Will    .....      NoTele   +    (boots currently unavailable)
Stlth   +++                      (no amulet)
HPRegen 0.37/turn                f - +4 ring of protection
MPRegen 0.15/turn                o - ring of poison resistance

@: mighty, tree-form, on berserk cooldown, slowed, very slow
A: stationary, stasis, torment immunity, boosted hp, (fangs 1), strong nose,
distributed training, screaming 1, strong 2
a: Renounce Religion


You were on level 8 of the Dungeon.
You worshipped Hepliaklqana.
Hepliaklqana was noncommittal.
You were a tree.
You visited 1 branch of the dungeon, and saw 8 of its levels.
You also visited: Ossuary.

You collected 309 gold pieces.

Inventory:

Hand Weapons
 b - a +2 sling of electrocution (weapon)
Missiles
 i - 4 poisoned darts
 y - a curare-tipped dart
Armour
 n - a +1 kite shield (worn)
 q - a +0 leather armour (melded)
 s - a +0 pair of gloves (melded)
Jewellery
 f - a +4 ring of protection (left branch)
 o - a ring of poison resistance (right branch)
Wands
 c - a wand of flame (29)
 d - a wand of charming (14)
 e - a wand of iceblast (17)
 u - a wand of paralysis (10)
Scrolls
 h - 8 scrolls of identify
 j - 2 scrolls of vulnerability
 r - 2 scrolls of fog
 w - a scroll of immolation
 z - a scroll of enchant armour
Potions
 m - 2 potions of mutation
 t - 3 potions of attraction
 v - a potion of cancellation
 x - 4 potions of lignification
 A - a potion of magic


   Skills:
 + Level 5.4 Fighting
 + Level 4.7 Short Blades
 + Level 4.7 Long Blades
 + Level 4.7 Axes
 + Level 4.7 Maces & Flails
 + Level 4.7 Polearms
 + Level 4.7 Staves
 + Level 4.7 Ranged Weapons
 + Level 4.7 Throwing
 + Level 6.6 Armour
 + Level 5.4 Dodging
 + Level 5.3 Stealth
 + Level 4.7 Shields
 + Level 4.7 Unarmed Combat
 + Level 4.7 Spellcasting
 + Level 3.9 Conjurations
 + Level 3.9 Hexes
 + Level 3.9 Summonings
 + Level 3.9 Necromancy
 + Level 3.9 Translocations
 + Level 3.9 Transmutations
 + Level 3.9 Fire Magic
 + Level 3.9 Ice Magic
 + Level 3.9 Air Magic
 + Level 3.9 Earth Magic
 + Level 3.9 Poison Magic
 + Level 5.2 Invocations
 + Level 8.1 Evocations


You had 17 spell levels left.
You didn't know any spells.
Your spell library contained the following spells:

 Spells                   Type           Power      Damage    Failure   Level
 Kiss of Death            Conj/Necr      40%        2d8       14%         1
 Magic Dart               Conj           40%        1d5       14%         1
 Scorch                   Fire           20%        2d6       21%         2
 Searing Ray              Conj           20%        2d5       21%         2
 Confusing Touch          Hex            10%        N/A       38%         3
 Hailstorm                Conj/Ice       10%        3d5       38%         3
 Dispel Undead            Necr           10%        3d9       80%         4
 Flame Wave               Conj/Fire      10%        2d6       80%         4
 Fulminant Prism          Conj/Hex       5%         3d7       80%         4
 Ice Form                 Ice/Tmut       10%        N/A       80%         4
 Simulacrum               Ice/Necr       5%         N/A       100%        6
 Summon Cactus Giant      Summ           5%         N/A       100%        6


Dungeon Overview and Level Annotations

Branches:
Dungeon (8/15)             Temple (0/1) D:6         Ossuary (visited)
   Lair: D:8-11

Altars:
Ashenzari
Cheibriados
Dithmenos
Elyvilon
Hepliaklqana
Kikubaaqudgha
Makhleb
Nemelex Xobeh
Ru
Uskayaw
Yredelemnul

Annotations:
D:8 Erica, Psyche


Innate Abilities, Weirdness & Mutations

You are a tree.
Your roots penetrate the ground, keeping you stationary.
You cannot be teleported.
You are immune to unholy pain and torment.
Your maximum health is greatly increased.
Your equipment is partially melded.
((You have very sharp teeth.))
Your uncanny sense of smell can sniff out nearby items.
Your experience applies equally to all skills.
You occasionally shout uncontrollably at your foes.
Your muscles are very strong. (Str +8, Int/Dex -2)


Message History

You hear some strange, mumbled words.
A swirling arc of seething chaos appears!
An arc of chaos appears from out of thin air!
The arc of chaos hits something.
The arc of chaos hits you but does no damage.
You cannot move.
Fire: b) +2 sling (elec)
Press: ? - help, Q - select action, (/) - cycle Shift-Dir - straight line You shoot a sling bullet.
You hear some strange, mumbled words.
You are confused.
You hear some strange, mumbled words.
A swirling arc of seething chaos appears!
An arc of chaos appears from out of thin air!
The arc of chaos hits something. x2; Something hits you!
Something burns you.
* * * LOW HITPOINT WARNING * * *
Non-targeted confused fire: b) +2 sling (elec)
Press: ? - help, Q - select action, (/) - cycle Dir - look around, f - activate You shoot a sling bullet.
You hear some strange, mumbled words.
A bolt of poison appears from out of thin air!
The bolt of poison hits you. You resist.
* * * LOW HITPOINT WARNING * * *
Something hits you!!
* * * LOW HITPOINT WARNING * * *
Something burns you.
* * * LOW HITPOINT WARNING * * *
Something hits you but does no damage.
Non-targeted confused fire: b) +2 sling (elec)
Press: ? - help, Q - select action, (/) - cycle Dir - look around, f - activate You shoot a sling bullet.
Something hits you but does no damage. x2
Non-targeted confused fire: b) +2 sling (elec)
Press: ? - help, Q - select action, (/) - cycle Dir - look around, f - activate You shoot a sling bullet.
You feel less confused.
You hear some strange, mumbled words.
A lance of force appears from out of thin air!
The lance of force hits you!!
You die...

#..## #...∆ ..# ##)##
#..#+#..# #..#
#..+_'..# ####.##
#..#§#..# .....#
#§§§§§§#
####)########§.§.§# #
#..).....§§##### #
#........§.######.#
####.########.{{♣...(#
...>.# ##########
######


There were no monsters in sight!

Vanquished Creatures
  Maurice (D:8)
  Eustachio (D:5)
  A water moccasin (D:7)
  An ice beast (D:6)
  6 black bears
  2 centaurs (D:5)
  A kobold brigand (D:6)
  Blork the orc (D:6)
  An elf zombie (Ossuary)
  A necrophage (D:6)
  3 bullfrogs
  3 scorpions
  3 wights (D:6)
  A centaur zombie (Ossuary)
  A human zombie (Ossuary)
  3 jellies
  An orc priest (D:4)
  6 hounds
  Natasha (thrice) (D:3)
  Terence (D:3)
  An iguana (D:6)
  2 mummies (Ossuary)
  3 gnolls
  9 adders
  A white imp (D:6)
  An ufetubus (D:4)
  A worm zombie (D:6)
  An adder zombie (Ossuary)
  2 worms
  A dart slug (D:5)
  14 orcs
  5 endoplasms
  5 giant cockroaches
  8 goblins
  7 hobgoblins
  10 jackals
  12 kobolds
  A quokka (D:1)
  5 ball pythons
  7 bats
  4 frilled lizards
  3 goblin zombies (Ossuary)
  12 hobgoblin zombies (Ossuary)
  4 jackal zombies (Ossuary)
  4 kobold zombies (Ossuary)
  8 orc zombies (Ossuary)
  3 rats
  3 rat zombies
178 creatures vanquished.

Vanquished Creatures (others)
  A gnoll (D:2)
  A quokka (D:7)
  A plant (D:1)
3 creatures vanquished.

Grand Total: 181 creatures vanquished

Notes
Turn   | Place    | Note
-------+----------+-------------------------------------------
     0 | D:1      | Rrauwl the Gnoll Artificer began the quest for the Orb.
     0 | D:1      | Reached XP level 1. HP: 17/17 MP: 1/1
   177 | D:1      | Reached XP level 2. HP: 17/23 MP: 2/2
   470 | D:1      | Gained mutation: You occasionally shout uncontrollably at
                  | your foes. [potion of mutation]
   470 | D:1      | Gained mutation: Your muscles are strong. (Str +4, Int/Dex
                  | -1) [potion of mutation]
   470 | D:1      | Gained mutation: Your muscles are very strong. (Str +8,
                  | Int/Dex -2) [potion of mutation]
   566 | D:1      | Reached XP level 3. HP: 26/28 MP: 3/3
   844 | D:2      | Reached skill level 1 in Invocations
   856 | D:2      | Reached skill level 1 in Short Blades
   856 | D:2      | Reached skill level 1 in Long Blades
   856 | D:2      | Reached skill level 1 in Axes
   856 | D:2      | Reached skill level 1 in Maces & Flails
   856 | D:2      | Reached skill level 1 in Polearms
   856 | D:2      | Reached skill level 1 in Staves
   856 | D:2      | Reached skill level 1 in Ranged Weapons
   856 | D:2      | Reached skill level 1 in Throwing
   856 | D:2      | Reached skill level 1 in Shields
   856 | D:2      | Reached skill level 1 in Unarmed Combat
   856 | D:2      | Reached skill level 1 in Spellcasting
  1304 | D:2      | Found a hide-covered altar of Uskayaw.
  1335 | D:2      | Reached XP level 4. HP: 34/34 MP: 5/5
  1805 | D:3      | Reached skill level 1 in Conjurations
  1805 | D:3      | Reached skill level 1 in Hexes
  1805 | D:3      | Reached skill level 1 in Summonings
  1805 | D:3      | Reached skill level 1 in Necromancy
  1805 | D:3      | Reached skill level 1 in Translocations
  1805 | D:3      | Reached skill level 1 in Transmutations
  1805 | D:3      | Reached skill level 1 in Fire Magic
  1805 | D:3      | Reached skill level 1 in Ice Magic
  1805 | D:3      | Reached skill level 1 in Air Magic
  1805 | D:3      | Reached skill level 1 in Earth Magic
  1805 | D:3      | Reached skill level 1 in Poison Magic
  1934 | D:3      | Found a basalt altar of Yredelemnul.
  1966 | D:3      | Noticed Terence
  1984 | D:3      | Killed Terence
  2072 | D:3      | Noticed Natasha
  2080 | D:3      | Killed Natasha
  2081 | D:3      | Reached XP level 5. HP: 38/41 MP: 5/7
  2192 | D:3      | Found a broken altar of Ashenzari.
  2213 | D:3      | Noticed Natasha
  2220 | D:3      | Killed Natasha
  2394 | D:3      | Noticed Natasha
  2397 | D:3      | Killed Natasha
  2595 | D:4      | Reached XP level 6. HP: 41/47 MP: 8/8
  2649 | D:4      | Reached skill level 5 in Armour
  2919 | D:4      | Noticed a black bear
  2936 | D:4      | Found a sacrificial altar of Ru.
  3036 | D:4      | Killed a black bear
  3037 | D:4      | Reached skill level 7 in Evocations
  3037 | D:4      | Reached XP level 7. HP: 49/52 MP: 10/10
  3068 | D:4      | Found a snail-covered altar of Cheibriados.
  3387 | D:5      | Entered Level 5 of the Dungeon
  3393 | D:5      | Found a shadowy altar of Dithmenos.
  3791 | D:5      | Reached XP level 8. HP: 60/60 MP: 12/12
  3952 | D:5      | Noticed Eustachio
  3972 | D:5      | Killed Eustachio
  4061 | D:5      | Found an ancient bone altar of Kikubaaqudgha.
  4382 | D:5      | Found a sparkling altar of Nemelex Xobeh.
  4382 | D:5      | Found a hazy altar of Hepliaklqana.
  4392 | D:5      | Became a worshipper of Hepliaklqana the Forgotten
  4718 | D:6      | Found a sand-covered staircase.
  4741 | Ossuary  | Entered an ossuary
  4894 | Ossuary  | Reached XP level 9. HP: 66/66 MP: 14/14
  5129 | D:6      | Found a burning altar of Makhleb.
  5129 | D:6      | Noticed an Executioner
  5253 | D:6      | Noticed Blork the orc
  5262 | D:6      | Reached skill level 5 in Fighting
  5262 | D:6      | Reached skill level 5 in Dodging
  5269 | D:6      | Killed Blork the orc
  5396 | D:6      | Reached skill level 5 in Stealth
  5496 | D:6      | Reached skill level 8 in Evocations
  5875 | D:6      | Found a staircase to the Ecumenical Temple.
  6096 | D:7      | Reached skill level 5 in Invocations
  6097 | D:7      | Found a white marble altar of Elyvilon.
  6188 | D:8      | Noticed Maurice
  6303 | D:8      | Noticed Erica
  6304 | D:8      | Killed Maurice
  6323 | D:8      | Found a hide-covered altar of Uskayaw.
  6325 | D:8      | Noticed Psyche
  6351 | D:8      | HP: 5/102 [something (3)]
  6353 | D:8      | Killed from afar by Erica

Illustrated notes

Levels and vault maps discovered:
D:1:      spicycebolla_arrival_clurvy, layout_loops_ring, minmay_misc_feat_iff
D:2:      layout_basic, basic_altar
D:3:      layout_loops_ring, evilmike_ruin_ashenzari,
          mainiacjoe_overflow_alcove_4, uniq_natasha, uniq_terence
D:4:      layout_rooms, nicolae_ru_great_annihilating_truth,
          cheibrodos_worm_habitat
D:5:      layout_loops_cross, lemuel_tele_altar, amcnicky_altar_gilded,
          jmf_multi_god_temple, uniq_eustachio
D:6:      layout_rooms, makhleb_altar_promises_db, minmay_temple_entry_poolview,
          enter_ossuary_3, uniq_blork_the_orc
D:7:      layout_basic, elyvilon_altar_4
D:8:      layout_loops_ring, kennysheep_mini_moat, kennysheep_generic_room_12,
          uniq_grum, uniq_maggie, uniq_psyche, uniq_erica, uniq_maurice

Skill      XL: |  1  2  3  4  5  6  7  8  9 |
---------------+----------------------------+-----
Invocations    | 1 2 3 4 5 |  5.2
Short Blades   | 1 2 3 4 |  4.7
Long Blades    | 1 2 3 4 |  4.7
Axes           | 1 2 3 4 |  4.7
Maces & Flails | 1 2 3 4 |  4.7
Polearms       | 1 2 3 4 |  4.7
Staves         | 1 2 3 4 |  4.7
Ranged Weapons | 1 2 3 4 |  4.7
Throwing       | 1 2 3 4 |  4.7
Shields        | 1 2 3 4 |  4.7
Unarmed Combat | 1 2 3 4 |  4.7
Spellcasting   | 1 2 3 4 |  4.7
Conjurations   | 1 2 3 |  3.9
Hexes          | 1 2 3 |  3.9
Summonings     | 1 2 3 |  3.9
Necromancy     | 1 2 3 |  3.9
Translocations | 1 2 3 |  3.9
Transmutations | 1 2 3 |  3.9
Fire Magic     | 1 2 3 |  3.9
Ice Magic      | 1 2 3 |  3.9
Air Magic      | 1 2 3 |  3.9
Earth Magic    | 1 2 3 |  3.9
Poison Magic   | 1 2 3 |  3.9
Fighting       | 3 4 5 |  5.4
Dodging        | 3 4 5 |  5.4
Stealth        | 3 4 5 |  5.3
Armour         | 5 6 |  6.6
Evocations     | 7 8 |  8.1

Action                   |  1- 3 |  4- 6 |  7- 9 || total
-------------------------+-------+-------+-------++-------
Melee: Club              |   146 |    15 |       ||   161
       Bite              |    12 |       |     3 ||    15
       Punch             |     3 |       |       ||     3
       Mace              |       |       |    53 ||    53
       Sling             |       |       |     4 ||     4
 Fire: Sling             |       |   145 |   417 ||   562
Evoke: Wand              |     5 |       |       ||     5
  Use: Scroll            |     4 |     2 |     8 ||    14
       Potion            |     2 |     4 |    13 ||    19
 Stab: Sleeping          |     1 |     2 |       ||     3
Armor: Leather armour    |    65 |    59 |   150 ||   274
       Skin              |       |       |    25 ||    25
Dodge: Dodged            |   123 |    61 |   161 ||   345
Block: Kite shield       |    13 |    57 |   161 ||   231

Table legend: (Time is in decaauts)
 A = Elapsed time spent in this place.
 B = Non-inter-level travel time spent in this place.
 C = Inter-level travel time spent in this place.
 D = Time resting spent in this place.
 E = Time spent auto-exploring this place.
 F = Levels seen in this place.
 G = Mean time per level.
                   A        B        C        D        E       F      G
               +--------+--------+--------+--------+--------+-----+--------+
         Total |   6713 |   6567 |    146 |    146 |   4622 |   9 |  745.9 |
       Dungeon |   6336 |   6190 |    146 |    146 |   4470 |   8 |  792.0 |
       Ossuary |    377 |    377 |      0 |      0 |    152 |   1 |  377.0 |
               +--------+--------+--------+--------+--------+-----+--------+

Top non-repeatable levels by time:
     D:5: 1256 daAuts
     D:6: 1102 daAuts
     D:3: 1062 daAuts
     D:4: 843 daAuts
     D:1: 830 daAuts
     D:2: 827 daAuts
 Ossuary: 377 daAuts
     D:7: 233 daAuts
     D:8: 180 daAuts
